 Dungeon Crawl Stone Soup version 0.23.2-1-ga50397a6bc (webtiles) character file.

Game seed: 18378802924867906116

2067 Mrkan the Grappler (level 9, -1/78 (80) HPs)
             Began as a Troll Monk on May 22, 2019.
             Was a Follower of Ru.
             Slain by a hog (12 damage)
             ... on level 7 of the Dungeon.
             The game lasted 00:11:06 (5127 turns).

Mrkan the Grappler (Troll Monk)                     Turns: 5127, Time: 00:11:07

HP:   -1/78 (80)    AC:  6    Str: 21    XL:     9   Next: 5%
MP:   8/8           EV:  6    Int:  6    God:    Ru [*.....]
Gold: 613           SH:  0    Dex: 15    Spells: 8/8 levels left

rFire    . . .     SeeInvis .     - Unarmed
rCold    . . .     Gourm    +   (no shield)
rNeg     . . .     Faith    .   a - +0 robe
rPois    .         Spirit   .   (helmet restricted)
rElec    .         Reflect  .   (no cloak)
rCorr    .         Harm     .   (gloves unavailable)
MR       .....                  (boots unavailable)
Stlth    ++........             (no amulet)
HPRegen  0.63/turn              (no ring)
MPRegen  0.11/turn              (no ring)

@: no status effects
A: large, unfitting armour, claws 3, fast metabolism 3, gourmand, regeneration
1, shaggy fur 1, tough skin 3, reduced EV 1
a: Renounce Religion


You were on level 7 of the Dungeon.
You worshipped Ru.
Ru was aware of your devotion.
You were completely stuffed.

You visited 2 branches of the dungeon, and saw 8 of its levels.
You also visited: Sewer.

You collected 613 gold pieces.

Inventory:

Missiles
 k - 310 stones (quivered)
 n - 15 javelins
Armour
 a - a +0 robe (worn)
Jewellery
 u - an uncursed ring of ice
 A - a +2 ring of strength
 E - an uncursed amulet of the gourmand
 J - a cursed amulet of inaccuracy
Wands
 y - a wand of random effects (51)
 F - a wand of iceblast (8)
Scrolls
 c - 4 scrolls of identify
 e - 2 scrolls of blinking {unknown}
 f - 5 scrolls of teleportation {unknown}
 g - a scroll of enchant armour {unknown}
 h - 6 scrolls of remove curse {unknown}
 l - a scroll of enchant weapon {unknown}
 m - a scroll of amnesia {unknown}
 p - 2 scrolls of noise {unknown}
 r - a scroll of random uselessness {unknown}
 v - a scroll of fear {unknown}
 D - 2 scrolls of magic mapping {unknown}
 H - a scroll of immolation {unknown}
Potions
 d - 4 potions of flight
 i - 2 potions of agility
 j - 2 potions of lignification
 o - 2 potions of cancellation
 q - 2 potions of might
 s - a potion of curing {unknown}
 t - a potion of brilliance {unknown}
 w - a potion of invisibility {unknown}
 x - a potion of degeneration {unknown}
 z - a potion of heal wounds {unknown}
 B - a potion of magic {unknown}
 C - a potion of ambrosia {unknown}
 G - a potion of berserk rage {unknown}
Comestibles
 b - 17 rations


   Skills:
 - Level 2.4 Fighting
 - Level 2.4 Dodging
 - Level 1.0 Stealth
 * Level 12.0 Unarmed Combat


You had 8 spell levels left.
You didn't know any spells.
Your spell library contained the following spells:

 Spells                   Type           Power        Failure   Level  Hunger
 Confusing Touch          Hex            #.....       45%         1    ##.....
 Confuse                  Hex            #.......     83%         3    ####...
 Gell's Gravitas          Tloc           #.........   83%         3    ####...
 Petrify                  Tmut/Erth      #.......     99%         4    #####..
 Metabolic Englaciation   Hex/Ice        #.........   100%        5    ######.
 Yara's Violent Unravell  Hex/Tmut       #.........   100%        5    ######.


Dungeon Overview and Level Annotations

Branches:
Dungeon (7/15)             Temple (1/1) D:6

Altars:
Ashenzari
Cheibriados
Dithmenos
Elyvilon
Fedhas
Gozag
Kikubaaqudgha
Makhleb
Nemelex Xobeh
Okawaru
Qazlal
Ru
Sif Muna
Trog
Uskayaw
Vehumet
Xom
Yredelemnul
Zin

Annotations:
D:3 3 runed translucent doors, Titania's ghost, amateur GrEE


Innate Abilities, Weirdness & Mutations

You are too large for most types of armour.
You have claws for hands.
Your metabolism is lightning-fast.
You like to eat raw meat.
Your natural rate of healing is unusually fast.
You are covered in fur. (AC +1)
You have extremely tough skin. (AC +3)
You have somewhat slow reflexes. (EV -5)


Message History

The human hits you with a +0 hand axe. The hog bites you!
You barely miss the hog. You claw the hog!
The hog is moderately wounded.
The hog bites you! The hog bites you.
You completely miss the hog.
The hog is moderately wounded.
The hog bites you!
* * * LOW HITPOINT WARNING * * *
The hog bites you!
* * * LOW HITPOINT WARNING * * *
You scratch the hog.
The hog is heavily wounded.
The hog bites you but does no damage. The hog bites you.
* * * LOW HITPOINT WARNING * * *
You barely miss the hog.
The hog is heavily wounded.
The hog barely misses you. The hog bites you but does no damage.
The hog bites you!
You die...

..........#........
#######...............
#.....#......#.####..
#.....#......#.# #.#
###'###..#####.# #.#
#%....#..# #.# #.#
#%%...ph.# #.# #.#
########h## #.# #.#
.......h@# #.####.####
########## #..........
######.#### #.#...
#.#... ########### ###
#.#.## #.........# #.#
#.#.## #.#.......# #.#
#.####
#.#....<).#####.#
#....#


You could see 3 hogs and a human.

Vanquished Creatures
  A hog (D:7)
  Duvessa (D:6)
  An orc warrior (D:2)
  Purgy (Sewer)
  2 sky beasts
  2 ogres
  2 necrophages (D:6)
  A bullfrog (D:6)
  Dowan (D:6)
  2 crimson imps (D:5)
  A quasit (D:6)
  2 jellies
  4 hounds
  6 orc wizards
  Jessica (D:2)
  2 iguanas
  6 worker ants
  A killer bee zombie (D:5)
  A howler monkey zombie (D:7)
  14 adders
  3 gnolls (D:7)
  An ooze (D:3)
  An adder zombie (D:5)
  3 dart slugs (D:1)
  7 leopard geckos
  21 orcs
  3 ball pythons
  9 bats
  6 giant cockroaches
  10 hobgoblins
  12 jackals
  17 kobolds
  A quokka (D:3)
  7 frilled lizards
  12 goblins
  A quokka zombie (D:5)
  8 rats
174 creatures vanquished.

Notes
Turn   | Place    | Note
-------+----------+-------------------------------------------
     0 | D:1      | Mrkan the Troll Monk began the quest for the Orb.
     0 | D:1      | Reached XP level 1. HP: 22/22 MP: 0/0
   126 | D:1      | Reached XP level 2. HP: 29/29 MP: 1/1
   172 | D:1      | You fall through a shaft!
   183 | D:2      | Reached skill level 4 in Unarmed Combat
   232 | D:1      | Reached XP level 3. HP: 36/36 MP: 2/2
   787 | D:2      | Reached XP level 4. HP: 44/44 MP: 3/3
   814 | D:2      | Reached skill level 5 in Unarmed Combat
   882 | D:2      | Noticed an orc warrior
   995 | D:2      | Noticed Jessica
  1000 | D:2      | Killed Jessica
  1078 | D:2      | Killed an orc warrior
  1078 | D:2      | Reached skill level 6 in Unarmed Combat
  1078 | D:2      | Reached XP level 5. HP: 50/50 MP: 4/4
  1440 | D:3      | Found a runed translucent gate.
  1440 | D:3      | Found a runed translucent gate.
  1440 | D:3      | Found a runed translucent gate.
  1460 | D:3      | Reached XP level 6. HP: 52/59 MP: 5/5
  1594 | D:3      | Reached skill level 7 in Unarmed Combat
  2322 | D:3      | Noticed Titania's ghost (amateur GrEE)
  2445 | D:4      | Reached skill level 8 in Unarmed Combat
  2445 | D:4      | Reached XP level 7. HP: 64/66 MP: 6/6
  2981 | D:4      | Found a glowing drain.
  2985 | Sewer    | Entered a sewer
  2998 | Sewer    | Noticed Purgy
  3003 | Sewer    | Killed Purgy
  3003 | Sewer    | Reached skill level 9 in Unarmed Combat
  3249 | D:5      | Entered Level 5 of the Dungeon
  3520 | D:5      | Reached XP level 8. HP: 50/74 MP: 7/7
  3558 | D:5      | Reached skill level 10 in Unarmed Combat
  3575 | D:5      | Found a shimmering altar of Xom.
  4065 | D:6      | Found a staircase to the Ecumenical Temple.
  4147 | D:6      | Noticed Dowan
  4241 | Temple   | Entered the Ecumenical Temple
  4314 | Temple   | Became a worshipper of Ru the Awakened
  4324 | Temple   | Gained mutation: You have somewhat slow reflexes. (EV -5)
                  | [Ru sacrifice]
  4324 | Temple   | Reached * piety under Ru
  4567 | D:6      | Noticed Duvessa
  4583 | D:6      | Killed Duvessa
  4583 | D:6      | Reached skill level 11 in Unarmed Combat
  4598 | D:6      | Killed Dowan
  5120 | D:7      | Reached skill level 12 in Unarmed Combat
  5120 | D:7      | Reached XP level 9. HP: 56/78 MP: 8/8
  5127 | D:7      | Slain by a hog

Skill      XL: |  1  2  3  4  5  6  7  8 |
---------------+-------------------------+-----
Unarmed Combat | 4 6 8 9 12 | 12.0
Fighting       | |  2.4
Dodging        | |  2.4
Stealth        | |  1.0

Action                   |  1- 3 |  4- 6 |  7- 9 || total
-------------------------+-------+-------+-------++-------
Melee: Unarmed           |    68 |   167 |   215 ||   450
       Punch             |       |     4 |    15 ||    19
Invok: Sacrifice Health  |       |       |     1 ||     1
  Use: Scroll            |       |       |     8 ||     8
 Stab: Sleeping          |     5 |     2 |     4 ||    11
  Eat: Chunk             |    13 |    13 |    26 ||    52
Armor: Robe              |    26 |    81 |    97 ||   204
Dodge: Dodged            |    51 |   134 |    78 ||   263
